 Dungeon Crawl Stone Soup version 0.20.0-15-g7f486f2 (webtiles) character file.

144 renl the Chopper (level 5, 0/47 HPs)
             Began as a Hill Orc Monk on July 1, 2017.
             Succumbed to an adder's poison
             ... on level 2 of the Dungeon.
             The game lasted 00:07:46 (2085 turns).

renl the Chopper (Hill Orc Monk)                    Turns: 2085, Time: 00:07:47

Health: 0/47       AC:  6    Str: 15    XL:     5   Next: 27%
Magic:  0/5        EV: 10    Int: 10    God:
Gold:   133        SH:  0    Dex: 13    Spells: 4/4 levels left

rFire    . . .     SeeInvis .   a - +0 hand axe
rCold    . . .     Gourm    .   (no shield)
rNeg     . . .     Faith    .   f - +0 scale mail
rPois    +         Spirit   +   (no helmet)
rElec    .         Reflect  .   (no cloak)
rCorr    .         Harm     .   (no gloves)
MR       .....                  (no boots)
Stlth    ..........             p - amulet of guardian spirit
Regen    0.2/turn               g - ring of poison resistance
MPRegen  0.1/turn               (no ring)

@: lethally poisoned (0 -> -5)
A: no striking features
a: no special abilities


You were on level 2 of the Dungeon.
You were not hungry.

You visited 1 branch of the dungeon, and saw 3 of its levels.

You collected 133 gold pieces.

Inventory:

Hand Weapons
 a - a +0 hand axe (weapon)
Missiles
 q - 4 javelins (quivered)
Armour
 f - a +0 scale mail (worn)
Jewellery
 g - a ring of poison resistance (left hand)
 p - an amulet of guardian spirit (around neck)
Scrolls
 d - 2 scrolls of enchant armour {unknown}
 e - 2 scrolls of identify {unknown}
 h - a scroll of fog {unknown}
 j - 2 scrolls of remove curse {unknown}
 k - a scroll of teleportation {unknown}
Potions
 b - 2 potions of invisibility {unknown}
 m - 3 potions of haste {unknown}
 o - a potion of might {unknown}
Comestibles
 c - a bread ration
 i - 5 meat rations
 l - 2 chunks of flesh
 n - 2 royal jellies


   Skills:
 + Level 4.4 Fighting
 * Level 6.5 Axes
 + Level 1.9 Armour
 - Level 2.4 Dodging
 - Level 1.5 Stealth


You had 4 spell levels left.
You didn't know any spells.

Dungeon Overview and Level Annotations

Branches:
Dungeon (3/15)

Altars:
Makhleb
Sif Muna

Annotations:
D:3 Robin


Message History

The adder is moderately wounded.
* * * LOW HITPOINT WARNING * * *
You feel sick. The adder bites you.
* * * LOW HITPOINT WARNING * * *
The adder misses you.
You closely miss the adder.
The adder is moderately wounded.
The adder bites you.
* * * LOW HITPOINT WARNING * * *
You hit the adder.
The adder is heavily wounded.
* * * LOW HITPOINT WARNING * * *
You feel sick. The adder barely misses you.
You miss the adder.
The adder is heavily wounded.
The adder bites you but does no damage. The adder bites you.
* * * LOW HITPOINT WARNING * * *
You miss the adder.
The adder is heavily wounded.
You die...

######.......###..
#.>.....# ###
##......# #......#
#####..# ##.###
######## #...#
#รท)....# #...#
#@S....# #...#
#))....# ##...###
#......####.......
#......#.......###
###.####...#...# #
#.# #.......# #
#.####...)######
#...........#8##
######...#......


You could see an adder.

Vanquished Creatures
  8 gnolls
  2 adders (D:2)
  A dart slug (D:2)
  A leopard gecko (D:1)
  A ball python (D:2)
  7 bats
  A giant cockroach (D:2)
  5 hobgoblins
  3 jackals (D:1)
  A quokka (D:2)
  2 frilled lizards (D:1)
  10 goblins
  5 kobolds
  2 rats
49 creatures vanquished.

Notes
Turn   | Place    | Note
-------+----------+-------------------------------------------
     0 | D:1      | renl the Hill Orc Monk began the quest for the Orb.
     0 | D:1      | Reached XP level 1. HP: 19/19 MP: 1/1
   104 | D:1      | Reached XP level 2. HP: 17/27 MP: 2/2
   795 | D:1      | Reached skill level 5 in Axes
   795 | D:1      | Reached XP level 3. HP: 15/33 MP: 3/3
  1236 | D:2      | Reached skill level 1 in Armour
  1256 | D:2      | Reached XP level 4. HP: 40/40 MP: 4/4
  1337 | D:2      | Found a deep blue altar of Sif Muna.
  1529 | D:1      | Reached skill level 6 in Axes
  1842 | D:2      | Reached XP level 5. HP: 44/47 MP: 5/5
  1940 | D:3      | Found a burning altar of Makhleb.
  1942 | D:3      | Noticed Robin
  2082 | D:2      | HP: 2/47 [adder (1)]
  2085 | D:2      | Succumbed to an adder's poison

Skill      XL: |  1  2  3  4 |
---------------+-------------+-----
Axes           | 5 6 |  6.5
Fighting       | 4 |  4.4
Armour         | 1 |  1.9
Dodging        | |  2.4
Stealth        | |  1.5

Action                   |  1- 3 |  4- 6 || total
-------------------------+-------+-------++-------
Melee: Hand axe          |    98 |   101 ||   199
Throw: Javelin           |       |     1 ||     1
 Stab: Sleeping          |     1 |       ||     1
  Eat: Chunk             |     1 |     3 ||     4
Armor: Robe              |     3 |       ||     3
       Scale mail        |    33 |    55 ||    88
Dodge: Dodged            |    57 |    72 ||   129
